 Dungeon Crawl Stone Soup version 0.18.1-50-g88ac8fd (webtiles) character file.

3147 magog001 the Skirmisher (level 9, -23/79 HPs)
             Began as a Hill Orc Fighter on Nov 25, 2016.
             Was a Believer of Pakellas.
             Killed by the air
             ... invoked by Gastronok
              (31 damage)
             ... on level 8 of the Dungeon.
             The game lasted 01:05:06 (7906 turns).

magog001 the Skirmisher (Hill Orc Fighter)          Turns: 7906, Time: 01:05:08

Health: -23/79     AC: 10    Str: 26 (29) XL:     9   Next: 93%
Magic:  13/13      EV:  9    Int:  7 (8)  God:    Pakellas [**....]
Gold:   414        SH: 11    Dex:  7 (10) Spells: 0 memorised, 8 levels left

rFire  . . .     SeeInvis .     M - +2 war axe (venom)
rCold  . . .     Gourm    .     I - +0 scale mail
rNeg   . . .     Faith    .     c - +0 shield
rPois  .         Spirit   .     (no helmet)
rElec  .         Dismiss  .     r - +0 cloak
rCorr  .         Reflect  .     (no gloves)
SustAt .         Harm     .     a - +0 pair of boots
MR     +....     Rnd*Rage +     (no amulet)
Stlth  ..........               D - +2 ring of strength
                                m - ring of protection from magic

@: mighty, lethally poisoned (-23 -> -24), somewhat resistant to hostile
enchantments, extremely unstealthy
A: claws 1, berserk 1, evolution 1
a: Quick Charge, Renounce Religion


You were on level 8 of the Dungeon.
You worshipped Pakellas.
Pakellas was pleased with you.
You were not hungry.

You visited 1 branch of the dungeon, and saw 8 of its levels.

You collected 414 gold pieces.

Inventory:

Hand Weapons
 G - the +8 hunting sling "Dedegaomo" {velocity, Int+6}
   (You found it on level 6 of the Dungeon)

   Any stone fired from it inflicts extra damage.
   It affects your intelligence (+6).
 M - a +2 war axe of venom (weapon)
Missiles
 p - 28 stones
 y - 7 tomahawks (quivered)
 H - 67 sling bullets
 S - 6 poisoned tomahawks
Armour
 a - a +0 pair of boots (worn)
 b - a +0 scale mail
 c - a +0 shield (worn)
 r - a +0 cloak (worn)
 I - a +0 scale mail (worn)
 P - a +0 pair of boots
Magical Staves
 u - an uncursed staff of power {unknown}
Jewellery
 m - a ring of protection from magic (left claw)
 D - a +2 ring of strength (right claw)
 E - an uncursed ring of wizardry
Wands
 j - a wand of flame (16/48)
 q - a wand of iceblast (7/15)
 s - a wand of random effects (14/48)
 v - a wand of slowing (18/48)
 z - a wand of lightning (6/15)
Scrolls
 h - a scroll of enchant armour
 i - 2 scrolls of amnesia
 l - 3 scrolls of teleportation
 C - 2 scrolls of remove curse
 N - a scroll of blinking {unknown}
 Q - a scroll of silence {unknown}
Potions
 d - a potion of might
 g - a potion of brilliance {unknown}
 k - 5 potions of berserk rage
 n - 3 potions of flight
 w - 2 potions of agility
 A - a potion of heal wounds {unknown}
 F - 3 potions of lignification
 J - a potion of resistance {unknown}
 L - a potion of cure mutation {unknown}
Comestibles
 f - 8 bread rations
 o - 6 beef jerkies
 B - 3 meat rations
 K - 2 fruits


   Skills:
 * Level 7.6 Fighting
 + Level 7.5 Axes
 + Level 1.6 Slings
 + Level 6.5 Armour
 + Level 3.8 Dodging
 + Level 1.4 Stealth
 + Level 7.0 Shields
 * Level 5.4 Evocations


You had 8 spell levels left.
You didn't know any spells.

Dungeon Overview and Level Annotations

Branches:
Dungeon (8/15)             Temple (0/1) D:4
   Lair: D:8-11

Altars:
Ashenzari
Dithmenos
Gozag
Makhleb
Okawaru
Pakellas
Qazlal
Ru
Sif Muna
Vehumet
Xom

Shops:
D:6 =

Annotations:
D:8 Gastronok


Innate Abilities, Weirdness & Mutations

You have sharp fingernails.
You tend to lose your temper in combat.
You evolve.


Message History

Your orc wizard hits the orc priest but does no damage.
Drink which item? (? for menu, Esc to quit)
It was a potion of degeneration.
There was something very wrong with that liquid.
You feel weakened.
You feel dopey.
You feel clumsy.
Your orc wizard hits the orc priest but does no damage.
The orc priest calls upon Beogh to heal the orc.
The orc's wounds heal themselves!
Drink which item? (? for menu, Esc to quit)
It was a potion of mutation.
You feel extremely strange.
Your fingernails lengthen.
You feel nature experimenting on you.
Don't worry, failures die fast.
You feel a little pissed off.
Your orc wizard hits the orc priest but does no damage.
The orc priest barely misses your orc wizard.
Your orc wizard closely misses the orc priest.
Gastronok waves his eye-stalks in wide circles.
The air twists around and strikes you!
You die...
Pakellas says: Back to the drawing board!

.$.. ...#
###F####..# ##
##.....##..
#..#.......#.#
#.(#.......#.#
......_.....#
#.......#†# .
#...!...#.###....
##..!..##@o.o....
###.####.wo.....
..... .(....##.
#......#######
....)..#
##......#
########


You could see Gastronok, an orc priest, an orc and a friendly orc wizard.

Vanquished Creatures
  Grinder (D:3)
  A spriggan (D:7)
  Menkaure (D:5)
  Edmund (D:4)
  2 orc warriors
  3 sky beasts
  An ice beast (D:7)
  A necrophage (D:7)
  A phantom (D:5)
  A black bear (D:7)
  An ogre (D:4)
  2 centaurs (D:6)
  A scorpion (D:6)
  5 wights (D:6)
  9 killer bees
  4 crimson imps
  A giant frog zombie (D:7)
  A centaur zombie (D:4)
  2 orc wizards
  2 orc priests
  5 hounds
  Ijyb (D:2)
  An iguana (D:3)
  5 worker ants
  A howler monkey skeleton (D:4)
  4 gnolls
  7 adders
  An adder zombie (D:6)
  An ooze (D:3)
  An adder skeleton (D:6)
  5 worms
  A dart slug (D:2)
  3 giant geckos
  10 orcs
  6 giant cockroaches
  7 goblins
  8 hobgoblins
  4 jackals
  12 kobolds
  2 quokkas
  9 bats
  4 giant newts
  A jackal skeleton (D:8)
  A quokka skeleton (D:5)
  7 rats
148 creatures vanquished.

Vanquished Creatures (others)
  A wolf spider (D:2)
1 creature vanquished.

Grand Total: 149 creatures vanquished

Notes
Turn   | Place    | Note
--------------------------------------------------------------
     0 | D:1      | magog001 the Hill Orc Fighter began the quest for the Orb.
     0 | D:1      | Reached XP level 1. HP: 19/19 MP: 1/1
   274 | D:1      | Reached XP level 2. HP: 27/27 MP: 2/2
   946 | D:2      | Reached XP level 3. HP: 30/33 MP: 3/3
  1072 | D:2      | Found an oddly glowing altar of Pakellas.
  1072 | D:2      | Noticed a wolf spider
  1076 | D:2      | Became a worshipper of Pakellas the Inventive
  1082 | D:2      | Killed a wolf spider
  1167 | D:2      | Noticed Ijyb
  1186 | D:2      | Killed Ijyb
  1186 | D:2      | Reached XP level 4. HP: 40/40 MP: 4/4
  1910 | D:3      | Reached skill level 1 in Dodging
  2059 | D:3      | Reached * piety under Pakellas
  2059 | D:3      | Received a gift from Pakellas
  2125 | D:3      | Reached XP level 5. HP: 43/46 MP: 5/5
  2178 | D:3      | Noticed Grinder
  2231 | D:3      | Killed Grinder
  2231 | D:3      | Reached skill level 5 in Shields
  2231 | D:3      | Reached XP level 6. HP: 34/53 MP: 6/6
  2655 | D:4      | Reached XP level 7. HP: 51/60 MP: 7/7
  2695 | D:4      | Found a shattered altar of Ashenzari.
  2700 | D:4      | Reached skill level 5 in Axes
  2700 | D:4      | Reached skill level 1 in Evocations
  3081 | D:4      | Noticed Edmund
  3091 | D:4      | Killed Edmund
  3555 | D:4      | Found a staircase to the Ecumenical Temple.
  3564 | D:4      | Reached skill level 5 in Armour
  3578 | D:4      | Reached skill level 1 in Stealth
  3592 | D:4      | Found a burning altar of Makhleb.
  3595 | D:4      | Found a shadowy altar of Dithmenos.
  3597 | D:4      | Found an opulent altar of Gozag.
  3907 | D:5      | Entered Level 5 of the Dungeon
  3960 | D:5      | Reached skill level 5 in Fighting
  3960 | D:5      | Reached XP level 8. HP: 68/68 MP: 1/9
  4693 | D:5      | Noticed Menkaure
  4707 | D:5      | Killed Menkaure
  5652 | D:6      | Reached XP level 9. HP: 78/78 MP: 4/12
  5705 | D:6      | Found a radiant altar of Vehumet.
  5787 | D:6      | Got a jewelled hunting sling
  5898 | D:6      | Found a stormy altar of Qazlal.
  5929 | D:6      | Found Amiaxef's Jewellery Emporium.
  6064 | D:6      | Found an iron altar of Okawaru.
  6325 | D:6      | Identified the +8 hunting sling "Dedegaomo" {velocity, Int+6} (You found it on level 6 of the Dungeon)
  6691 | D:7      | Reached skill level 1 in Slings
  6816 | D:7      | Found a shimmering altar of Xom.
  7006 | D:6      | Reached ** piety under Pakellas
  7006 | D:6      | Received a gift from Pakellas
  7006 | D:6      | Reached skill level 5 in Evocations
  7444 | D:7      | Found a deep blue altar of Sif Muna.
  7874 | D:8      | Found a sacrificial altar of Ru.
  7889 | D:8      | Noticed Gastronok
  7906 | D:8      | Gained mutation: You have sharp fingernails. [potion of mutation]
  7906 | D:8      | Gained mutation: You evolve. [potion of mutation]
  7906 | D:8      | Gained mutation: You tend to lose your temper in combat. [potion of mutation]
  7906 | D:8      | Killed from afar by Gastronok

Skill      XL: |  1  2  3  4  5  6  7  8  9 |
---------------+----------------------------+-----
Axes           | 3 4 5 6 7 |  7.5
Shields        | 4 5 6 7 |  7.0
Dodging        | 1 2 3 |  3.8
Fighting       | 4 5 6 7 |  7.6
Armour         | 4 5 6 |  6.5
Evocations     | 2 4 5 |  5.4
Stealth        | 1 |  1.4
Slings         | 1 |  1.6

Action                   |  1- 3 |  4- 6 |  7- 9 || total
-------------------------+-------+-------+-------++-------
Melee: War axe           |    99 |   126 |   215 ||   440
       Broad axe         |       |       |    78 ||    78
 Fire: Hunting sling     |       |       |    30 ||    30
Invok: Quick Charge      |       |     3 |     9 ||    12
Evoke: Wand              |       |    13 |    26 ||    39
       Phantom mirror    |       |       |     1 ||     1
  Use: Scroll            |       |     6 |     9 ||    15
       Potion            |       |       |     7 ||     7
  Eat: Chunk             |     1 |     5 |     3 ||     9
       Bread ration      |       |     1 |     1 ||     2
       Royal jelly       |       |       |     1 ||     1
       Pizza             |       |       |     3 ||     3
       Fruit             |       |       |     1 ||     1
Armor: Scale mail        |    56 |    54 |   114 ||   224
       Skin              |       |       |    11 ||    11
Dodge: Dodged            |    40 |    39 |   103 ||   182
Block: Shield            |    60 |    58 |   184 ||   302
